 Dungeon Crawl Stone Soup version 0.19.1 (webtiles) character file.

56 danny2772 the Ducker (level 3, -1/32 HPs)
             Began as a Deep Dwarf Gladiator on Nov 29, 2016.
             Slain by Crazy Yiuf
             ... wielding a +2 quarterstaff of chaos
              (15 damage)
             ... on level 2 of the Dungeon.
             The game lasted 00:08:17 (1705 turns).

danny2772 the Ducker (Deep Dwarf Gladiator)         Turns: 1705, Time: 00:08:18

Health: -1/32      AC:  6    Str: 19    XL:     3   Next: 71%
Magic:  3/3        EV: 12    Int:  8    God:
Gold:   81         SH:  0    Dex: 13    Spells: 0 memorised, 2 levels left

rFire  . . .     SeeInvis .     a - +0 long sword
rCold  . . .     Gourm    .     o - +0 ring mail
rNeg   . . .     Faith    .     (no shield)
rPois  .         Spirit   .     c - +0 helmet
rElec  .         Reflect  .     (no cloak)
rCorr  .         Harm     .     (no gloves)
MR     .....                    (no boots)
Stlth  +.........               (no amulet)
                                (no ring)
                                (no ring)

@: non-regenerating
A: damage resistance, recharge devices, sense surroundings 1, slow regeneration
3
a: Device Recharging


You were on level 2 of the Dungeon.
You were not hungry.

You visited 1 branch of the dungeon, and saw 2 of its levels.

You collected 81 gold pieces.

Inventory:

Hand Weapons
 a - a +0 long sword (weapon)
 g - a +1 whip of flaming
 i - a +0 whip
 t - a +0 dagger
 u - a +0 mace
 y - a +0 short sword
Missiles
 d - 3 throwing nets (quivered)
 h - 65 stones
 j - 20 sling bullets
 k - 41 arrows
Armour
 b - a +0 leather armour
 c - a +0 helmet (worn)
 m - a +0 robe
 o - a +0 ring mail (worn)
 x - a +0 ring mail
 C - a +0 pair of gloves
Jewellery
 l - an uncursed ring of protection from magic {unknown}
Wands
 e - a wand of heal wounds (4/9)
Scrolls
 n - a scroll of enchant weapon {unknown}
 p - a scroll of magic mapping {unknown}
 r - a scroll of teleportation {unknown}
 w - 2 scrolls of remove curse {unknown}
 A - a scroll of identify {unknown}
Potions
 q - a potion of flight {unknown}
 s - a potion of degeneration {unknown}
 z - a potion of mutation {unknown}
Comestibles
 f - a bread ration
 v - a meat ration
 B - 5 fruits


   Skills:
 + Level 2.1 Fighting
 + Level 3.8 Long Blades
 + Level 1.8 Throwing
 + Level 0.9 Armour
 + Level 4.0 Dodging


You had 2 spell levels left.
You didn't know any spells.

Dungeon Overview and Level Annotations

Branches:
Dungeon (2/15)

Altars:

Annotations:
D:2 Crazy Yiuf


Innate Abilities, Weirdness & Mutations

You are resistant to damage.
You can recharge devices by infusing magical energy.
You passively map a small area around you.
You do not regenerate.


Message History

Crazy Yiuf is moderately wounded.
You hit Crazy Yiuf.
Crazy Yiuf is heavily wounded.
Crazy Yiuf misses you.
You riposte.
You slash Crazy Yiuf!
Crazy Yiuf is almost dead.
You hit Crazy Yiuf.
Crazy Yiuf is almost dead.
Crazy Yiuf barely misses you.
You riposte.
You closely miss Crazy Yiuf.
Crazy Yiuf is almost dead.
Your ring mail prevents you from hitting Crazy Yiuf.
Crazy Yiuf is almost dead.
Crazy Yiuf misses you.
You barely miss Crazy Yiuf.
Crazy Yiuf is almost dead.
Crazy Yiuf hits you with a quarterstaff of chaos!
You barely miss Crazy Yiuf.
Crazy Yiuf is almost dead.
Crazy Yiuf hits you with a quarterstaff of chaos.
You are electrocuted!
You die...

########
#####
.......#
#...#
#.####.#####
#...#
#..........#
#...#
######.....#
##### ##.##
#######
#..)# #.#
#...# #.#
#.g.# #.#
#@# #.# ♣♣.♣
#.# ♣.♣♣
#.####### #
♣♣.♣
#.......# ##
♣.♣♣
#######.#
)## ###
♣♣.♣♣ #.# #
#.####.##
♣...♣♣ #.###
##.##...##
♣....♣ #....
##......#
#....# #####


You could see Crazy Yiuf.

Vanquished Creatures
  A worm (D:2)
  A leopard gecko (D:1)
  6 bats
  4 giant cockroaches
  6 hobgoblins
  9 jackals
  4 kobolds
  A frilled lizard (D:2)
  5 goblins
  6 rats
43 creatures vanquished.

Notes
Turn   | Place    | Note
-------+----------+-------------------------------------------
     0 | D:1      | danny2772 the Deep Dwarf Gladiator began the quest for the Orb.
     0 | D:1      | Reached XP level 1. HP: 19/19 MP: 1/1
    33 | D:1      | Reached XP level 2. HP: 24/26 MP: 2/2
   806 | D:2      | Reached XP level 3. HP: 27/32 MP: 3/3
  1221 | D:2      | Reached skill level 4 in Dodging
  1689 | D:2      | Found a runed door.
  1693 | D:2      | Noticed Crazy Yiuf
  1705 | D:2      | Slain by Crazy Yiuf

Skill      XL: |  1  2  3 |
---------------+----------+-----
Fighting       | 2 |  2.1
Dodging        | 4 |  4.0
Long Blades    | |  3.8
Throwing       | |  1.8
Armour         | |  0.9

Action                   || total
-------------------------++-------
Melee: Long sword        ||   108
Evoke: Wand              ||     1
  Eat: Bread ration      ||     1
Armor: Leather armour    ||    21
       Ring mail         ||    34
Dodge: Dodged            ||   110
       Rpst.: Long sword ||    32
